 Dungeon Crawl Stone Soup version 0.21-a0-221-gfe971b9 (webtiles) character file.

61 Ijustatesigmund the Skirmisher (level 3, -6/34 HPs)
             Began as a Minotaur Fighter on Aug 24, 2017.
             Killed from afar by Ijyb (10 damage)
             ... with a wand of lightning (?/15)
             ... on level 2 of the Dungeon.
             The game lasted 00:02:39 (1108 turns).

Ijustatesigmund the Skirmisher (Minotaur Fighter)   Turns: 1108, Time: 00:02:39

Health: -6/34      AC:  6    Str: 25    XL:     3   Next: 83%
Magic:  2/2        EV:  7    Int:  5    God:
Gold:   53         SH: 10    Dex: 10    Spells: 2/2 levels left

rFire    . . .     SeeInvis .   a - +0 war axe
rCold    + . .     Gourm    .   c - +1 shield
rNeg     . . .     Faith    .   b - +0 scale mail
rPois    .         Spirit   .   (helmet restricted)
rElec    .         Reflect  .   (no cloak)
rCorr    .         Harm     .   (no gloves)
MR       .....     Rnd*Tele +   (no boots)
Stlth    ..........             (no amulet)
HPRegen  0.11/turn              h - ring of teleportation (curse)
MPRegen  0.08/turn              j - ring of protection from cold

@: mighty
A: retaliatory headbutt, horns 2
a: no special abilities


You were on level 2 of the Dungeon.
You were not hungry.

You visited 1 branch of the dungeon, and saw 2 of its levels.

You collected 53 gold pieces.

Inventory:

Hand Weapons
 a - a +0 war axe (weapon)
Missiles
 k - 5 javelins (quivered)
Armour
 b - a +0 scale mail (worn)
 c - a +1 shield (worn)
Jewellery
 h - a cursed ring of teleportation (left hand)
 i - a +3 ring of dexterity
 j - a ring of protection from cold (right hand)
Scrolls
 l - 3 scrolls of identify
 n - a scroll of teleportation
Potions
 d - a potion of might
 e - a potion of brilliance
Comestibles
 f - a bread ration
 g - 2 meat rations


   Skills:
 + Level 4.6 Fighting
 * Level 4.2 Axes
 - Level 3.6 Armour
 - Level 3.6 Shields


You had 2 spell levels left.
You didn't know any spells.

Dungeon Overview and Level Annotations

Branches:
Dungeon (2/15)

Altars:

Annotations:
D:2 Ijyb


Innate Abilities, Weirdness & Mutations

You reflexively headbutt those who attack you in melee.
You have a pair of horns on your head.


Message History

You are too injured to fight recklessly!
You are too injured to fight recklessly!
You are too injured to fight recklessly!
You are too injured to fight recklessly!
You are too injured to fight recklessly!
You are too injured to fight recklessly!
You are too injured to fight recklessly!
You are too injured to fight recklessly!
You are too injured to fight recklessly!
You are too injured to fight recklessly!
You are too injured to fight recklessly!
You are too injured to fight recklessly!
You are too injured to fight recklessly!
You are too injured to fight recklessly!
You are too injured to fight recklessly!
You feel very mighty all of a sudden.
Ijyb zaps a wand.
The bolt of lightning misses you.
Your shield and scale mail prevent you from hitting Ijyb.
Ijyb zaps a wand.
The bolt of lightning hits you!
You die...

### #..# #. .... #..#
#. ###.. #..###.
.....##########...##.
..(#.......(...#.##.
#.................
#............#.##.
#.#...............
#@#.########.##.#.
#g#..........##.#.
.#####gg############...
.......g.8.8.8.8 ##..
.#....#.....gg.. #..
#....#.....g... #..
..... #......... ##.
..... #......... #.
.... #......... ..


You could see Ijyb and 3 goblins.

Vanquished Creatures
  2 adders (D:2)
  4 leopard geckos
  7 bats (D:1)
  2 giant cockroaches (D:1)
  7 hobgoblins
  2 jackals (D:2)
  A frilled lizard (D:1)
  6 goblins
  2 kobolds (D:1)
  2 rats (D:2)
35 creatures vanquished.

Notes
Turn   | Place    | Note
-------+----------+-------------------------------------------
     0 | D:1      | Ijustatesigmund the Minotaur Fighter began the quest for the Orb.
     0 | D:1      | Reached XP level 1. HP: 19/19 MP: 0/0
    13 | D:1      | Reached XP level 2. HP: 26/27 MP: 1/1
   466 | D:1      | Reached XP level 3. HP: 33/33 MP: 2/2
  1094 | D:2      | Noticed Ijyb
  1108 | D:2      | Killed from afar by Ijyb

Vault maps used:
D:1:      dpeg_arrival_simpleton_b
D:2:      kennysheep_the_goblin_king, minmay_misc_feat_iff, serial_bayou_pond_e,
          uniq_jessica, uniq_sigmund

Skill      XL: |  1  2  3 |
---------------+----------+-----
Axes           | 3 4 |  4.2
Fighting       | 4 |  4.6
Armour         | |  3.6
Shields        | |  3.6

Action                   || total
-------------------------++-------
Melee: War axe           ||    80
       Headbutt          ||    11
  Use: Scroll            ||     6
       Potion            ||     1
  Eat: Chunk             ||     1
Armor: Scale mail        ||    36
Dodge: Dodged            ||    22
Block: Shield            ||    48

Table legend:
 A = Spawn XP
 B = Non-spawn XP
 C = Spawn XP percentage of total XP
 D = Spawn monster count
 E = Non-spawn monster count
 F = Spawn count percentage of total count
 G = Total turns spent on level
                    A         B        C        D         E        F      G
               +---------+---------+-------+---------+---------+-------+---------
         Total |       9 |      79 |  10.2 |       4 |      31 |  11.4 |  1108
               +---------+---------+-------+---------+---------+-------+---------
           D:1 |       2 |      41 |   4.7 |       1 |      21 |   4.5 |   584
           D:2 |       7 |      38 |  15.6 |       3 |      10 |  23.1 |   524
               +---------+---------+-------+---------+---------+-------+---------
